 Dungeon Crawl Stone Soup version 0.21-a0-525-ga34b322 (webtiles) character file.

241 solxrula the Cudgeler (level 5, -1/53 HPs)
             Began as a Troll Berserker on Dec 7, 2017.
             Was a Believer of Trog.
             Succumbed to a scorpion's poison
             ... on level 4 of the Dungeon.
             The game lasted 00:09:26 (1916 turns).

solxrula the Cudgeler (Troll Berserker)             Turns: 1916, Time: 00:09:27

Health: -1/53      AC:  6    Str: 26    XL:     5   Next: 80%
Magic:  4/4        EV: 10    Int:  3    God:    Trog [**....]
Gold:   176        SH:  0    Dex:  9    Spells: 4/4 levels left

rFire    . . .     SeeInvis +   a - +0 mace
rCold    . . .     Gourm    +   (no shield)
rNeg     . . .     Faith    .   b - +1 animal skin
rPois    .         Spirit   .   (helmet restricted)
rElec    .         Reflect  .   (no cloak)
rCorr    .         Harm     .   (gloves unavailable)
MR       .....                  (boots unavailable)
Stlth    +.........             (no amulet)
HPRegen  0.57/turn              k - ring of flight
MPRegen  0.09/turn              j - ring of see invisible

@: lethally poisoned (-1 -> -12)
A: large, unfitting armour, claws 3, fast metabolism 3, gourmand, regeneration
1, shaggy fur 1, tough skin 2
a: Berserk, Trog's Hand, Burn Spellbooks, Renounce Religion, Evoke Flight


You were on level 4 of the Dungeon.
You worshipped Trog.
Trog was pleased with you.
You were very full.

You visited 1 branch of the dungeon, and saw 4 of its levels.

You collected 176 gold pieces.

Inventory:

Hand Weapons
 a - a +0 mace (weapon)
Armour
 b - a +1 animal skin (worn)
Jewellery
 j - a ring of see invisible (right claw)
 k - a ring of flight (left claw)
Scrolls
 d - a scroll of magic mapping
 i - a scroll of identify
 l - 2 scrolls of teleportation
 m - 2 scrolls of remove curse {unknown}
 p - a scroll of fog {unknown}
 q - a scroll of blinking
 r - a scroll of amnesia {unknown}
Potions
 e - a potion of might
 g - a potion of invisibility
 n - a potion of haste
 o - 3 potions of curing
Comestibles
 c - 3 bread rations
 f - a meat ration
 h - 4 fruits


   Skills:
 + Level 3.1 Fighting
 * Level 5.2 Maces & Flails
 + Level 2.9 Dodging
 + Level 0.1 Stealth


You had 4 spell levels left.
You didn't know any spells.

Dungeon Overview and Level Annotations

Branches:
Dungeon (4/15)
 Temple: D:4-7

Altars:


Innate Abilities, Weirdness & Mutations

You are too large for most types of armour.
You have claws for hands.
Your metabolism is lightning-fast.
You like to eat raw meat.
Your natural rate of healing is unusually fast.
You are covered in fur. (AC +1)
You have very tough skin. (AC +2)


Message History

The scorpion is severely wounded.
You feel sick. The scorpion stings you.
You barely miss the scorpion.
The scorpion is severely wounded.
You feel sick. The scorpion barely misses you.
You closely miss the scorpion.
The scorpion is severely wounded.
You feel sick. The scorpion stings you!
* * * LOW HITPOINT WARNING * * *
You hit the scorpion.
The scorpion is almost dead.
You feel sick. The scorpion stings you!
* * * LOW HITPOINT WARNING * * *
You are more poisoned.
The scorpion poisons you!
You hit the scorpion.
You kill the scorpion!
Trog accepts your kill.
Your Maces & Flails skill increases to level 5!
You die...

#.....# .. #.....# #.
#.....####. #....<.....
# #.....##### ###.
########.....# # .....
#........#'###
......#........#.#
......†@.......#.#######
......####'#####........
..... #.....'........
.... #######........ ...
#........ .. #.....(.. #
#........ #..(.....
#........


There were no monsters in sight!

Vanquished Creatures
  A scorpion (D:4)
  A howler monkey (D:3)
  A jelly (D:2)
  5 adders
  An ooze (D:1)
  A worm (D:4)
  2 dart slugs (D:3)
  4 leopard geckos (D:2)
  4 orcs (D:4)
  A ball python (D:1)
  3 giant cockroaches
  7 goblins
  3 hobgoblins
  7 kobolds
  4 quokkas
  6 bats
  4 frilled lizards
  7 rats
62 creatures vanquished.

Notes
Turn   | Place    | Note
-------+----------+-------------------------------------------
     0 | D:1      | solxrula the Troll Berserker began the quest for the Orb.
     0 | D:1      | Reached XP level 1. HP: 22/22 MP: 0/0
   126 | D:1      | Reached skill level 3 in Maces & Flails
   168 | D:1      | Reached XP level 2. HP: 29/29 MP: 1/1
   540 | D:2      | Reached ** piety under Trog
   567 | D:2      | Reached XP level 3. HP: 34/36 MP: 2/2
   892 | D:2      | Reached skill level 4 in Maces & Flails
   892 | D:2      | Reached XP level 4. HP: 34/44 MP: 3/3
  1434 | D:3      | Reached XP level 5. HP: 16/52 MP: 4/4
  1749 | D:3      | You fall through a shaft!
  1915 | D:4      | HP: 2/53 [scorpion (7)]
  1916 | D:4      | Reached skill level 5 in Maces & Flails
  1916 | D:4      | Succumbed to a scorpion's poison

Vault maps used:
D:1:      minmay_arrival_nine_rooms
D:3:      first_bread

Skill      XL: |  1  2  3  4  5 |
---------------+----------------+-----
Maces & Flails | 3 4 5 |  5.2
Fighting       | 3 |  3.1
Dodging        | |  2.9
Stealth        | |  0.1

Action                   |  1- 3 |  4- 6 || total
-------------------------+-------+-------++-------
Melee: Mace              |   125 |   123 ||   248
Invok: Berserk           |       |     1 ||     1
  Use: Scroll            |     4 |     4 ||     8
       Potion            |     4 |     3 ||     7
 Stab: Sleeping          |       |     1 ||     1
  Eat: Chunk             |    12 |    12 ||    24
Armor: Animal skin       |    59 |    33 ||    92
Dodge: Dodged            |    76 |    67 ||   143

Table legend:
 A = Spawn XP
 B = Non-spawn XP
 C = Spawn XP percentage of total XP
 D = Spawn monster count
 E = Non-spawn monster count
 F = Spawn count percentage of total count
 G = Total turns spent on level
                    A         B        C        D         E        F      G
               +---------+---------+-------+---------+---------+-------+---------
         Total |       0 |     345 |   0.0 |       0 |      62 |   0.0 |  1916
               +---------+---------+-------+---------+---------+-------+---------
           D:1 |       0 |      29 |   0.0 |       0 |      16 |   0.0 |   437
           D:2 |       0 |      97 |   0.0 |       0 |      20 |   0.0 |   820
           D:3 |       0 |     113 |   0.0 |       0 |      19 |   0.0 |   492
           D:4 |       0 |     106 |   0.0 |       0 |       7 |   0.0 |   167
               +---------+---------+-------+---------+---------+-------+---------
